 Dungeon Crawl Stone Soup version 0.32-a0-643-ga006e7742e (webtiles) character file.

Game seed: 5069968660868896382

906 cforsyth the Purveyor of Pain (level 7, -3/53 (64) HPs)
             Began as a Mountain Dwarf Necromancer on Mar 7, 2024.
             Was an Initiate of Kikubaaqudgha.
             Slain by Menkaure (19 damage)
             ... on level 6 of the Dungeon.
             The game lasted 00:14:12 (7013 turns).

cforsyth the Purveyor of Pain (MDNe)                Turns: 7013, Time: 00:14:12

HP:   -3/53 (64)    AC: 12    Str: 11 (13) XL:     7   Next: 81%
MP:   9/9           EV:  5    Int: 13 (15) God:    Kikubaaqudgha [......]
Gold: 155           SH:  0    Dex:  8 (10) Spells: 4/9 levels left

rFire   + . .        n - +0 hand axe
rCold   + . .        (no shield)
rNeg    . . .        s - +0 chain mail
rPois   .            f - +2 helmet
rElec   .            t - scarf {rC+ rF+}
rCorr   .            (no gloves)
SInv    .            o - +0 pair of boots
Will    .....        (no amulet) Stlth
                     (no ring)
HPRegen 0.28/turn    (no ring)
MPRegen 0.11/turn

%: no passive effects
@: heavily drained
A: runic magic, artefact enchanting, talons 1, deterioration 1
a: Renounce Religion


You were on level 6 of the Dungeon.
You worshipped Kikubaaqudgha.
Kikubaaqudgha was noncommittal.
You visited 1 branch of the dungeon, and saw 6 of its levels.

You collected 288 gold pieces.
You spent 133 gold pieces at shops.


Innate Abilities, Weirdness & Mutations

Your spellcasting is much less encumbered by armour.
You can use scrolls of enchantment on lesser artefacts.
You have sharp toenails.
Your body sometimes deteriorates upon taking damage.


   Skills:
 + Level 6.7 Fighting
 - Level 1.3 Dodging
 - Level 1.4 Stealth
 - Level 1.7 Spellcasting
 + Level 8.2 Necromancy


You had 4 spell levels left.
You knew the following spells:

 Your Spells              Type           Power      Damage    Failure   Level
a - Animate Dead          Necr           22%        N/A       22%         4
X - Necrotise             Necr           88%        1d8       2%          1

Your spell library contained the following spells:

 Spells                   Type           Power      Damage    Failure   Level
 Vampiric Draining        Necr           22%        2d7       6%          3
 Cigotuvi's Dreadful Rot  Necr/Alch/Air  16%        N/A       30%         2
 Apportation              Tloc           2%         N/A       54%         1
 Freeze                   Ice            4%         1d3       54%         1
 Frozen Ramparts          Ice            2%         1d1       88%         3
 Hailstorm                Conj/Ice       1%         3d5       88%         3
 Summon Ice Beast         Ice/Summ       1%         N/A       88%         3
 Ignite Poison            Fire/Alch      1%         N/A       99%         4
 Curse of Agony           Necr           22%        N/A       52%         5
 Freezing Cloud           Conj/Ice/Air   0%         6-21      100%        5
 Sculpt Simulacrum        Ice/Alch       0%         N/A       100%        6

Inventory:

Hand Weapons
 n - a +0 hand axe (weapon)
Missiles
 c - a throwing net {=f}
Armour
 f - a +2 helmet (worn)
 o - a +0 pair of boots (worn)
 s - a +0 chain mail (worn)
 t - a scarf of resistance (worn)
Scrolls
 a - a scroll of fog
 h - a scroll of enchant armour
 i - 2 scrolls of vulnerability
 q - a scroll of revelation
Potions
 b - a potion of magic
 d - a potion of degeneration
 e - 2 potions of mutation

Dungeon Overview and Level Annotations

Branches:
Dungeon (6/15)
 Temple: D:4-7

Altars:
Hepliaklqana
Kikubaaqudgha
Makhleb
Ru
Sif Muna
Trog
Vehumet
Xom

Shops:
D:5 ?   D:6 =

Annotations:
D:3 1 runed translucent door, Crazy Yiuf
D:5 2 transporters, Jeremiah; LlamaRama1234's ghost, amateur DsMo
D:6 Menkaure

#.####...# #....... ..#
##..# #...... .. .##
#.## #.....##.. ..## #.
###?.....Y.. ...## ..
........... ....# ##.#
#......... ....###.#
#........ ........#
###........
........######zM@####...
................## #
..<.........###.#
..#.......### #.#
..........## #.#
....##....M# #.#
##.####.......... #.
##..###.... .. #.## ..


You could see an ice beast, Menkaure (fast) and a wight.


Message History

Level annotation: Menkaure
There is a stone staircase leading up here.
The wight zaps a wand.
You struggle to resist.
Menkaure gestures at you while chanting.
Pain shoots through your body!
Your body deteriorates!
You feel dopey.
The wight zaps a wand.
Your mind is blasted!
* * * LOW HITPOINT WARNING * * *
Your body deteriorates!
You feel dopey.
Menkaure points at you and mumbles some strange words.
Pain shoots through your body!
* * * LOW HITPOINT WARNING * * *
The wight zaps a wand.
Your mind is blasted!
* * * LOW HITPOINT WARNING * * *
Your body deteriorates!
You feel weakened.
Found a scroll labelled JUMIMU ONO.
An ice beast comes into view.
Okay, then.
Okay, then.
Okay, then.
You aren't carrying any items that you can evoke.
You hit Menkaure.
Menkaure is moderately damaged.
Menkaure gestures wildly while chanting.
Menkaure seems to speed up.
You hit Menkaure but do no damage.
Menkaure is moderately damaged.
Menkaure hits you!!
You die...
Kikubaaqudgha rasps: You have failed me!
Welcome... death!

Skill      XL: |  1  2  3  4  5  6  7 |
---------------+----------------------+-----
Fighting       | 1 2 3 4 5 6 |  6.7
Necromancy     | 5 6 7 8 |  8.2
Dodging        | |  1.3
Stealth        | |  1.4
Spellcasting   | |  1.7

Action                     |  1- 3 |  4- 6 |  7- 9 || total
---------------------------+-------+-------+-------++-------
  Melee: Unarmed           |    14 |       |       ||    14
         Hand axe          |     7 |    28 |    49 ||    84
         Kick              |       |     1 |     2 ||     3
   Cast: Necrotise         |    82 |    73 |    68 ||   223
    Use: Potion            |       |     4 |     1 ||     5
         Scroll            |       |       |     8 ||     8
 Armour: Robe              |    15 |       |       ||    15
         Leather armour    |     6 |    78 |    51 ||   135
         Chain mail        |       |       |   124 ||   124
  Dodge: Dodged            |    15 |    45 |   102 ||   162

Levels and vault maps discovered:
D:1:      lightli_arrival_chessboard, layout_basic, hangedman_decor_riveting
D:2:      layout_basic, basic_altar, ebering_ecumenical_altar_sacrificial
D:3:      layout_basic, doesnt_xom_only_xom, mainiacjoe_overflow_catwalk,
          serial_glass, glass_columns_b, glass_columns_a,
          minmay_strange_pillars, minmay_strange_pillars,
          minmay_strange_pillars, due_unseen_surprise, uniq_crazy_yiuf_cottage
D:4:      nicolae_BIG_FREAKIN_CUBE, layout_cave_pools,
          grunt_temple_overflow_magic_moments, serial_column_ruins,
          column_ruins_square_medium, column_ruins_temple_hut,
          column_ruins_grid_1, column_ruins_columns_corner,
          column_ruins_corridor_straight, column_ruins_open_medium_water,
          column_ruins_grid_4, column_ruins_corridor_straight
D:5:      layout_cave_pools, bloody_trog, gammafunk_ghost_hive, st_stairs_11,
          chequers_serial_rivers_small_3, nicolae_nh_oracle_at_delphi
D:6:      layout_layer_cave, elyvilon_altar_3, kennysheep_mini, serial_shops,
          shop, shop, kennysheep_mini_moat, minmay_fractal_squares_5,
          uniq_jeremiah, uniq_menkaure, uniq_grinder

Notes
Turn   | Place    | Note
-------+----------+-------------------------------------------
     0 | D:1      | cforsyth the Mountain Dwarf Necromancer began the quest for
                  | the Orb.
     0 | D:1      | Reached XP level 1. HP: 14/14 MP: 3/3
   230 | D:1      | Reached skill level 1 in Fighting
   249 | D:1      | Reached XP level 2. HP: 22/23 MP: 0/4
   708 | D:1      | Reached skill level 2 in Fighting
   713 | D:1      | Reached XP level 3. HP: 19/29 MP: 0/5
   792 | D:1      | Reached skill level 5 in Necromancy
  1510 | D:2      | Found a faded altar of an unknown god.
  1767 | D:2      | Found a shimmering altar of Xom.
  2215 | D:3      | Found a shimmering altar of Xom.
  2216 | D:3      | Noticed a scorpion
  2217 | D:3      | Found a hazy altar of Hepliaklqana.
  2217 | D:3      | Found an ornate altar of the Wu Jian Council.
  2424 | D:3      | Found a sacrificial altar of Ru.
  2536 | D:3      | Reached skill level 3 in Fighting
  2536 | D:3      | Reached XP level 4. HP: 34/38 MP: 1/6
  2597 | D:3      | Found a runed translucent door.
  2598 | D:3      | Noticed Crazy Yiuf
  2957 | D:3      | Found a shimmering altar of Xom.
  2957 | D:3      | Found a burning altar of Makhleb.
  2957 | D:3      | Found a shimmering altar of Xom.
  3368 | D:3      | Gained mutation: Your body sometimes deteriorates upon
                  | taking damage. [potion of mutation]
  3368 | D:3      | Gained mutation: You have sharp toenails. [potion of
                  | mutation]
  3615 | D:4      | Noticed an ogre
  3628 | D:4      | Noticed a black bear
  3819 | D:4      | Reached XP level 5. HP: 46/46 MP: 3/7
  3854 | D:4      | Killed a black bear
  3855 | D:4      | Reached skill level 4 in Fighting
  3855 | D:4      | Reached skill level 6 in Necromancy
  4074 | D:4      | Reached XP level 6. HP: 53/53 MP: 3/8
  4343 | D:4      | Reached skill level 5 in Fighting
  4417 | D:4      | Found a faded altar of an unknown god.
  4586 | D:4      | Found a radiant altar of Vehumet.
  4586 | D:4      | Found an ancient bone altar of Kikubaaqudgha.
  4587 | D:4      | Found a shimmering blue altar of Sif Muna.
  4595 | D:4      | Got Sif Muna's Elucidation of Movement
  4604 | D:4      | Became a worshipper of Kikubaaqudgha
  4626 | D:5      | Entered Level 5 of the Dungeon
  4626 | D:5      | Found a bloodstained altar of Trog.
  4807 | D:5      | Reached skill level 7 in Necromancy
  4910 | D:5      | Reached XP level 7. HP: 40/61 MP: 1/9
  5074 | D:5      | Reached skill level 6 in Fighting
  5335 | D:5      | Noticed a hornet
  5350 | D:5      | Noticed LlamaRama1234's ghost (amateur DsMo)
  5456 | D:5      | Found a transporter.
  5482 | D:5      | Found a transporter.
  5727 | D:5      | Found The Oracle's Delphic Readings.
  5734 | D:5      | Bought a scroll of blinking for 105 gold pieces
  5734 | D:5      | Bought a scroll of identify for 28 gold pieces
  5837 | D:5      | Reached skill level 8 in Necromancy
  5930 | D:6      | Noticed Menkaure
  5971 | D:6      | Noticed Jeremiah
  6395 | D:6      | Learned a level 4 spell: Animate Dead
  6474 | D:6      | Found Ihuof's Jewellery Shop.
  6474 | D:6      | Identified a scarf of resistance
  7013 | D:6      | Slain by Menkaure

Vanquished Creatures
  2 black bears
  An ogre (D:4)
  A centaur (D:5)
  A howler monkey (D:5)
  5 hounds
  4 iguanas
  A sleepcap (D:5)
  3 orc wizards
  3 adders
  2 ufetubi
  A ribbon worm (D:4)
  2 dart slugs (D:2)
  7 orcs
  3 bats
  8 endoplasms
  2 giant cockroaches
  6 goblins
  3 hobgoblins
  2 jackals (D:1)
  8 quokkas
  9 ball pythons
  2 frilled lizards
  8 kobolds
  3 rats
87 creatures vanquished.

Vanquished Creatures (collateral kills)
  A scorpion (D:5)
  A rat (D:1)
2 creatures vanquished.

Grand Total: 89 creatures vanquished

Table legend: (Time is in decaauts)
 A = Elapsed time spent in this place.
 B = Non-inter-level travel time spent in this place.
 C = Inter-level travel time spent in this place.
 D = Time resting spent in this place.
 E = Time spent auto-exploring this place.
 F = Levels seen in this place.
 G = Mean time per level.
                   A        B        C        D        E       F      G
               +--------+--------+--------+--------+--------+-----+--------+
         Total |   7052 |   6782 |    270 |   1051 |   4161 |   6 | 1175.3 |
       Dungeon |   7052 |   6782 |    270 |   1051 |   4161 |   6 | 1175.3 |
               +--------+--------+--------+--------+--------+-----+--------+

Top non-repeatable levels by time:
     D:4: 1587 daAuts
     D:3: 1534 daAuts
     D:5: 1505 daAuts
     D:1: 976 daAuts
     D:2: 947 daAuts
     D:6: 501 daAuts

Table legend:
 A = Non-vault XP
 B = Vault XP
 C = Vault XP percentage of total XP
 D = Non-vault monster count
 E = Vault monster count
 F = Vault count percentage of total count
                 A         B        C        D         E       F
            +---------+---------+-------+---------+---------+-------
      Total |    1064 |     231 |  17.8 |      82 |       7 |   7.9
            +---------+---------+-------+---------+---------+-------
        D:1 |      44 |       0 |   0.0 |      26 |       0 |   0.0
        D:2 |      25 |       0 |   0.0 |      12 |       0 |   0.0
        D:3 |      94 |       0 |   0.0 |      15 |       0 |   0.0
        D:4 |     398 |       8 |   2.0 |      17 |       1 |   5.6
        D:5 |     450 |     215 |  32.3 |      10 |       5 |  33.3
        D:6 |      53 |       8 |  13.1 |       2 |       1 |  33.3
            +---------+---------+-------+---------+---------+-------
